 Dungeon Crawl Stone Soup version 0.31.0-9-g3a7656b989 (webtiles) character file.

Game seed: 5029322364159237449

310 qw the Skirmisher (level 6, 0/35 HPs)
             Began as a Deep Elf Hunter on Feb 2, 2024.
             Incinerated by a bombardier beetle (5 damage)
             ... with a burning spray
             ... on level 3 of the Dungeon.
             The game lasted 00:00:10 (2258 turns).

qw the Skirmisher (Deep Elf Hunter)                 Turns: 2258, Time: 00:00:10

Health: 0/35       AC: 13    Str: 10    XL:     6   Next: 18%
Magic:  8/8        EV: 23    Int: 14    God:
Gold:   88         SH:  0    Dex: 18    Spells: 5/5 levels left

rFire   . . .        a - +0 shortbow
rCold   . . .        (shield currently unavailable)
rNeg    + . .        l - +1 pearl dragon scales
rPois   .            (no helmet)
rElec   .            (no cloak)
rCorr   .            b - +0 pair of gloves
SInv    .            i - +0 pair of boots
Will    .....        g - amulet of the acrobat Stlth
                     (no ring)
HPRegen 0.25/turn    (no ring)
MPRegen 0.11/turn

%: acrobat
@: on fire, acrobatic, glowing
A: no striking features
a: no special abilities


You were on level 3 of the Dungeon.
You visited 1 branch of the dungeon, and saw 4 of its levels.

You collected 168 gold pieces.
You spent 80 gold pieces at shops.


   Skills:
 - Level 2.3 Fighting
 - Level 9.1 Ranged Weapons
 + Level 0.0 Armour
 - Level 3.3 Dodging
 - Level 1.2 Stealth


You had 5 spell levels left.
You didn't know any spells.
Your spell library was empty.

Inventory:

Hand Weapons
 a - a +0 shortbow (weapon)
Armour
 b - a +0 pair of gloves (worn)
 i - a +0 pair of boots (worn)
 l - +1 pearl dragon scales (worn)
Jewellery
 g - an amulet of the acrobat (around neck)
Scrolls
 k - a scroll of teleportation
Potions
 e - a potion of heal wounds
 j - 2 potions of enlightenment
 p - a potion of curing

Dungeon Overview and Level Annotations

Branches:
Dungeon (4/15)             Temple (0/1) D:4

Altars:
Hepliaklqana

Shops:
D:3 *


Message History

What level of the Dungeon? (default 3, ? - help)
There is a stone staircase leading down here.
You climb downwards.
Found an escape hatch in the floor.
Found a staircase to the Ecumenical Temple.
There is a stone staircase leading up here.
A bombardier beetle is nearby!
Waypoint 3 assigned to D:4.
2247 ||| PLANNING TEMPLE You shoot an arrow.
The arrow barely misses the bombardier beetle.
You shoot an arrow. The arrow hits the bombardier beetle.
The bombardier beetle is lightly wounded.
You shoot an arrow. The arrow hits the bombardier beetle.
The bombardier beetle is moderately wounded.
You shoot an arrow. The arrow hits the bombardier beetle!
The bombardier beetle is almost dead.
The bombardier beetle sprays incendiary fluid at you.
The burning spray hits you.
You are covered in liquid fire!
You shoot an arrow. The arrow hits the bombardier beetle.
The bombardier beetle is almost dead.
The liquid fire burns you!
2252 ||| STAIRDANCE The liquid fire burns you!
You shake off some of the fire as you move.
You climb upwards.
The liquid fire burns you!
There is a stone staircase leading down here.
You are on fire!
The liquid fire burns you!
You are on fire!
The liquid fire burns you!
You are on fire!
The liquid fire burns you!
You are on fire!
The liquid fire burns you!
You are on fire!
The liquid fire burns you!
You die...

###### #....# #....#
#....# ######## ##....#
######......####@....#
###
...##........##......#
#.#
...##...##...##.#....#
##.#
...##..####..##.#....#
##..# ...##...#
#..##.#...<# #...#
...##._.# #..##.##.###
###.#.# ...##...#
#..##..#.#######...#.##
...######
#..##..................
.#.#####
##.###..<...(.....#..###


There were no monsters in sight!

Vanquished Creatures
  A scorpion (D:3)
  A hound (D:2)
  Jessica (D:2)
  An orc wizard (D:2)
  Natasha (thrice) (D:3)
  2 adders
  2 dart slugs
  A ribbon worm (D:3)
  3 orcs (D:2)
  2 bats
  8 endoplasms
  6 giant cockroaches
  5 goblins
  3 hobgoblins
  12 jackals
  7 kobolds
  2 quokkas
  2 ball pythons
  6 frilled lizards
  3 rats
71 creatures vanquished.

Notes
Turn   | Place    | Note
-------+----------+-------------------------------------------
     0 | D:1      | qw the Deep Elf Hunter began the quest for the Orb.
     0 | D:1      | Reached XP level 1. HP: 12/12 MP: 3/3
     0 | D:1      | 0 ||| qw: Version: 0.3-a-155-g5e7d8dd
     0 | D:1      | 0 ||| qw: Game counter: 127
     0 | D:1      | 0 ||| qw: Melee chars always use a shield: true
     0 | D:1      | 0 ||| qw: God list: Okawaru
     0 | D:1      | 0 ||| qw: Allow faded altars: false
     0 | D:1      | 0 ||| qw: Do Orc after clearing Dungeon:15 true
     0 | D:1      | 0 ||| qw: Do second Lair branch before Depths: true
     0 | D:1      | 0 ||| qw: Lair rune preference: random
     0 | D:1      | 0 ||| qw: Goals: Normal
     0 | D:1      | 0 ||| PLANNING D:1-11
    61 | D:1      | Reached XP level 2. HP: 16/16 MP: 4/4
    71 | D:1      | Reached skill level 6 in Ranged Weapons
   144 | D:1      | Found a faded altar of an unknown god.
   312 | D:1      | Reached XP level 3. HP: 16/20 MP: 5/5
   547 | D:1      | 547 ||| UPGRADING to +0 pair of boots.
   552 | D:1      | 552 ||| READING scroll labelled XOMMUB TEURUUFICH.
   553 | D:1      | 553 ||| READING scroll labelled TOBIDGH AV TADGH.
   554 | D:1      | 554 ||| READING 5 scrolls labelled VYLIEWK ICEMP.
   554 | D:1      | 554 ||| IDENTIFYING golden potion
   555 | D:1      | 555 ||| READING 4 scrolls of identify.
   555 | D:1      | 555 ||| IDENTIFYING scroll labelled UHILEI MEIRCH
   556 | D:1      | 556 ||| DROPPING scroll of butterflies.
   557 | D:1      | 557 ||| DROPPING scroll of vulnerability.
   558 | D:1      | 558 ||| DROPPING potion of invisibility.
   739 | D:2      | Noticed Jessica
   743 | D:2      | Reached skill level 7 in Ranged Weapons
   752 | D:2      | Killed Jessica
   753 | D:2      | Reached XP level 4. HP: 19/25 MP: 6/6
  1039 | D:2      | Reached skill level 8 in Ranged Weapons
  1450 | D:2      | 1450 ||| UPGRADING to +0 pair of gloves.
  1455 | D:2      | 1455 ||| UPGRADING to amulet of the acrobat.
  1460 | D:2      | 1460 ||| READING 5 scrolls of identify.
  1460 | D:2      | 1460 ||| IDENTIFYING bubbling emerald potion
  1461 | D:2      | 1461 ||| READING 4 scrolls of identify.
  1461 | D:2      | 1461 ||| IDENTIFYING lumpy red potion
  1462 | D:2      | 1462 ||| READING 3 scrolls of identify.
  1462 | D:2      | 1462 ||| IDENTIFYING sapphire potion
  1463 | D:2      | 1463 ||| READING 2 scrolls of identify.
  1463 | D:2      | 1463 ||| IDENTIFYING 2 gluggy blue potions
  1464 | D:2      | 1464 ||| DROPPING 2 potions of lignification.
  1492 | D:3      | 1492 ||| STAIRDANCE
  1499 | D:2      | 1499 ||| DRINKING potion of curing.
  1499 | D:2      | 1499 ||| (to cure confusion)
  1506 | D:2      | Reached XP level 5. HP: 24/29 MP: 7/7
  1528 | D:3      | 1528 ||| STAIRDANCE
  1535 | D:3      | 1535 ||| STAIRDANCE
  1581 | D:3      | Noticed Natasha
  1586 | D:3      | Killed Natasha
  1639 | D:3      | Noticed Natasha
  1648 | D:3      | Killed Natasha
  1649 | D:3      | Reached skill level 9 in Ranged Weapons
  1790 | D:3      | Noticed Natasha
  1799 | D:3      | Killed Natasha
  1800 | D:3      | Reached skill level 3 in Dodging
  1886 | D:3      | Found Roewahem's Assorted Antiques.
  1922 | D:3      | Reached XP level 6. HP: 35/35 MP: 8/8
  1977 | D:3      | 1977 ||| BUYING scroll labelled TUCLUN LAGIASI (20 gold).
  1977 | D:3      | Bought a scroll labelled TUCLUN LAGIASI for 20 gold pieces
  1977 | D:3      | 1977 ||| BUYING scroll labelled ZORA ONUNG (20 gold).
  1977 | D:3      | Bought a scroll labelled ZORA ONUNG for 20 gold pieces
  1977 | D:3      | 1977 ||| BUYING scroll of identify (40 gold).
  1977 | D:3      | Bought a scroll of identify for 40 gold pieces
  2029 | D:3      | Found a hazy altar of Hepliaklqana.
  2190 | D:3      | 2190 ||| UPGRADING to +0 ring mail.
  2200 | D:3      | 2200 ||| DROPPING +0 leather armour.
  2201 | D:3      | 2201 ||| UPGRADING to +0 pearl dragon scales.
  2211 | D:3      | 2211 ||| DROPPING +0 ring mail.
  2212 | D:3      | 2212 ||| READING 2 scrolls of identify.
  2212 | D:3      | 2212 ||| IDENTIFYING orange potion
  2213 | D:3      | 2213 ||| READING scroll of identify.
  2213 | D:3      | 2213 ||| IDENTIFYING scroll labelled DAYXTI CICAOCKEACE
  2214 | D:3      | 2214 ||| READING 2 scrolls labelled TUCLUN LAGIASI.
  2219 | D:3      | 2219 ||| READING scroll labelled ZORA ONUNG.
  2219 | D:3      | 2219 ||| ENCHANTING +0 pearl dragon scales.
  2220 | D:3      | 2220 ||| READING scroll labelled FIHOVOL HUCZIFYNUI.
  2221 | D:3      | 2221 ||| DROPPING potion of brilliance.
  2222 | D:3      | 2222 ||| DROPPING scroll of fear.
  2246 | D:4      | Found a staircase to the Ecumenical Temple.
  2247 | D:4      | 2247 ||| PLANNING TEMPLE
  2252 | D:4      | 2252 ||| STAIRDANCE
  2256 | D:3      | HP: 7/35 [burnt (5)]
  2258 | D:3      | Incinerated by a bombardier beetle

Levels and vault maps discovered:
D:1:      wander_arrival_abandoned_jail, layout_basic,
          shapermc_ecumenical_altar_petra
D:2:      layout_loops_ring, uniq_jessica
D:3:      layout_rooms, nicolae_hepliaklqana_hippocampus, serial_shops, shop,
          uniq_natasha
D:4:      layout_loops_cross, tgw_kikubaaqudgha, minmay_temple_entry_waves

Skill      XL: |  1  2  3  4  5 |
---------------+----------------+-----
Ranged Weapons | 6 7 8 9 |  9.1
Dodging        | 3 |  3.3
Fighting       | 2 |  2.3
Stealth        | |  1.2

Action                     |  1- 3 |  4- 6 || total
---------------------------+-------+-------++-------
   Fire: Shortbow          |    84 |   113 ||   197
    Use: Scroll            |     4 |     9 ||    13
         Potion            |       |     1 ||     1
 Armour: Leather armour    |    16 |    36 ||    52
  Dodge: Dodged            |    18 |    34 ||    52

Table legend:
 A = Non-vault XP
 B = Vault XP
 C = Vault XP percentage of total XP
 D = Non-vault monster count
 E = Vault monster count
 F = Vault count percentage of total count
                 A         B        C        D         E       F
            +---------+---------+-------+---------+---------+-------
      Total |     372 |      72 |  16.2 |      69 |       2 |   2.8
            +---------+---------+-------+---------+---------+-------
        D:1 |      54 |       0 |   0.0 |      29 |       0 |   0.0
        D:2 |     123 |      37 |  23.1 |      19 |       1 |   5.0
        D:3 |     195 |      35 |  15.2 |      21 |       1 |   4.5
            +---------+---------+-------+---------+---------+-------
